 Dungeon Crawl Stone Soup version 0.21-a0-517-gd76cfe0 (webtiles) character file.

30 slep the Chopper (level 3, -8/29 HPs)
             Began as a Demonspawn Monk on Dec 3, 2017.
             Mangled by Crazy Yiuf
             ... wielding a +4 quarterstaff of chaos
              (9 damage)
             ... on level 2 of the Dungeon.
             The game lasted 00:03:19 (1374 turns).

slep the Chopper (Demonspawn Monk)                  Turns: 1374, Time: 00:03:20

Health: -8/29      AC: 11    Str: 11    XL:     3   Next: 3%
Magic:  3/3        EV:  5    Int: 11    God:
Gold:   119        SH:  0    Dex: 16    Spells: 2/2 levels left

rFire    . . .     SeeInvis .   p - +1 hand axe (elec)
rCold    . . .     Gourm    .   (no shield)
rNeg     . . .     Faith    .   d - +0 chain mail
rPois    .         Spirit   .   (no helmet)
rElec    .         Reflect  .   (no cloak)
rCorr    .         Harm     .   (no gloves)
MR       .....                  f - +2 pair of boots
Stlth    ..........             (no amulet)
HPRegen  0.09/turn              (no ring)
MPRegen  0.08/turn              (no ring)

@: slowed, very slow
A: talons 1
a: no special abilities


You were on level 2 of the Dungeon.
You were very hungry.

You visited 1 branch of the dungeon, and saw 2 of its levels.

You collected 119 gold pieces.

Inventory:

Hand Weapons
 a - a +0 hand axe
 p - a +1 hand axe of electrocution (weapon)
Missiles
 e - 2 curare-tipped needles
Armour
 b - a +0 robe
 d - a +0 chain mail (worn)
 f - a +2 pair of boots (worn)
Magical Staves
 m - an uncursed staff of wizardry
Scrolls
 g - 5 scrolls of identify {unknown}
 h - a scroll of immolation {unknown}
 i - 3 scrolls of remove curse {unknown}
 k - a scroll of fear {unknown}
 l - 2 scrolls of enchant armour {unknown}
Potions
 j - a potion of resistance {unknown}
 n - a potion of ambrosia {unknown}
 o - a potion of brilliance {unknown}
Comestibles
 c - a bread ration
 q - a meat ration


   Skills:
 + Level 3.2 Fighting
 + Level 3.3 Axes
 + Level 0.5 Armour
 + Level 2.9 Dodging
 + Level 1.7 Stealth


You had 2 spell levels left.
You didn't know any spells.

Dungeon Overview and Level Annotations

Branches:
Dungeon (2/15)

Altars:

Annotations:
D:2 Crazy Yiuf


Innate Abilities, Weirdness & Mutations

You have sharp toenails.


Message History

You see here a mace.
You are feeling very hungry.
You see here 13 sling bullets.
You see here 13 sling bullets.
There is a stone staircase leading up here.
There is a stone staircase leading down here.
You open the door.
Crazy Yiuf the Enlightened comes into view.
He is wielding a quarterstaff of chaos.
Crazy Yiuf shouts!
Found a mace.
There is an open door here.
Crazy Yiuf hits you with a quarterstaff of chaos!
You feel yourself slow down.
You closely miss Crazy Yiuf. Crazy Yiuf hits you but does no damage.
Crazy Yiuf hits you with a quarterstaff of chaos!
You are electrocuted!
* * * LOW HITPOINT WARNING * * *
You barely miss Crazy Yiuf.
Crazy Yiuf hits you with a quarterstaff of chaos!
You die...

##...........#####.#
#.### ...#######.#.#
#.# #...##
##.#######...# #.#
#.#..# #.........###
### ####.#
#.#######.# #.##
##.# #.# ♣♣♣♣♣##..#
...# #.#
#####♣♣♣.♣....#.#
.### #.#
#...#♣..♣.......#
#.########.#
#.g@'.♣♣♣♣......#
##.........# #)..#♣♣
♣♣....##
..######.#.# #####
♣♣#### ..# #.#.#
..## #.### #..# #.#
###### ...# #.#
#.##.#
.#.#####.###.##.#
#...............#


You could see Crazy Yiuf.

Vanquished Creatures
  2 leopard geckos
  3 giant cockroaches (D:1)
  5 goblins
  4 hobgoblins
  3 kobolds (D:1)
  4 bats (D:1)
  3 frilled lizards (D:1)
  2 rats (D:1)
26 creatures vanquished.

Notes
Turn   | Place    | Note
-------+----------+-------------------------------------------
     0 | D:1      | slep the Demonspawn Monk began the quest for the Orb.
     0 | D:1      | Reached XP level 1. HP: 18/18 MP: 1/1
    95 | D:1      | Gained mutation: You have sharp toenails. [demonic ancestry]
    95 | D:1      | Reached XP level 2. HP: 22/24 MP: 2/2
   777 | D:2      | Reached XP level 3. HP: 28/29 MP: 3/3
  1147 | D:2      | Found a runed door.
  1370 | D:2      | Noticed Crazy Yiuf
  1373 | D:2      | HP: 1/29 [Crazy Yiuf/quarterstaff of chaos (10)]
  1374 | D:2      | Mangled by Crazy Yiuf

Vault maps used:
D:1:      dpeg_arrival_court, grunt_decor_clamped, minivault_5,
          minmay_misc_feat_encased
D:2:      uniq_crazy_yiuf_cottage

Skill      XL: |  1 |
---------------+----+-----
Axes           | 3 |  3.3
Fighting       | |  3.2
Armour         | |  0.5
Dodging        | |  2.9
Stealth        | |  1.7

Action                   || total
-------------------------++-------
Melee: Hand axe          ||    74
Armor: Chain mail        ||    71
Dodge: Dodged            ||    24

Table legend:
 A = Spawn XP
 B = Non-spawn XP
 C = Spawn XP percentage of total XP
 D = Spawn monster count
 E = Non-spawn monster count
 F = Spawn count percentage of total count
 G = Total turns spent on level
                    A         B        C        D         E        F      G
               +---------+---------+-------+---------+---------+-------+---------
         Total |       0 |      43 |   0.0 |       0 |      26 |   0.0 |  1374
               +---------+---------+-------+---------+---------+-------+---------
           D:1 |       0 |      34 |   0.0 |       0 |      22 |   0.0 |   700
           D:2 |       0 |       9 |   0.0 |       0 |       4 |   0.0 |   674
               +---------+---------+-------+---------+---------+-------+---------
